 Dungeon Crawl Stone Soup version 0.18.1-48-g4cf74bf (webtiles) character file.

7644 Kisielow the Martial Artist (level 11, -14/87 HPs)
             Began as a Merfolk Transmuter on June 23, 2016.
             Was a Priest of Makhleb.
             Killed from afar by Erica (31 damage)
             ... with an orb of energy
             ... on level 10 of the Dungeon on June 25, 2016.
             The game lasted 00:34:08 (10079 turns).

Kisielow the Martial Artist (Merfolk Transmuter)   Turns: 10079, Time: 00:34:08

Health: -14/87     AC:  2    Str: 10      XL:     11   Next: 18%
Magic:  14/14      EV: 31    Int: 16 (18) God:    Makhleb [***...]
Gold:   491        SH:  0    Dex: 19 (20) Spells: 4 memorised, 1 level left

rFire  . . .     SeeInvis .       - Unarmed
rCold  . . .     Gourm    .     (armour currently unavailable)
rNeg   + . .     Faith    .     (shield currently unavailable)
rPois  x         Spirit   .     (helmet currently unavailable)
rElec  .         Dismiss  .     (cloak currently unavailable)
rCorr  +         Reflect  .     (gloves currently unavailable)
SustAt .         Harm     .     (boots currently unavailable)
MR     .....                    (no amulet)
Stlth  ++........               r - ring of positive energy
                                o - ring of resist corrosion

@: spider-form (expiring), slowed, very slow, not resistant to hostile
enchantments, unstealthy
A: (change form in water), (swift swim), (antennae 0), blurry vision 1, clever
1, deterioration 2
a: End Transformation, Minor Destruction, Lesser Servant of Makhleb, Renounce
Religion


You were on level 10 of the Dungeon.
You worshipped Makhleb.
Makhleb was most pleased with you.
You were not hungry.
You were a venomous arachnid creature.
You visited 2 branches of the dungeon, and saw 11 of its levels.

You collected 491 gold pieces.

Inventory:

Missiles
 m - 73 arrows
Armour
 k - a +2 helmet of intelligence
 n - a +1 cloak (melded)
 v - the +1 helmet of the Falcon {rElec Str+4 Dex+3}
   (You found it on level 7 of the Dungeon)

   It affects your strength (+4).
   It affects your dexterity (+3).
   It insulates you from electricity.
 y - a +2 robe of fire resistance (melded)
Jewellery
 b - an uncursed ring of stealth
 o - a ring of resist corrosion (left front leg)
 p - an uncursed ring of fire
 r - a ring of positive energy (right front leg)
Wands
 e - a wand of confusion (19/48)
 h - a wand of iceblast (14/15)
Scrolls
 f - 3 scrolls of remove curse
 q - 3 scrolls of magic mapping
 w - a scroll of noise
Potions
 a - a potion of lignification
 g - 2 potions of magic
 j - 2 potions of curing
 t - a potion of ambrosia
 z - a potion of flight
Books
 c - a book of Changes

   Spells                             Type                      Level
   a - Beastly Appendage              Transmutation                1
   b - Sticks to Snakes               Transmutation                2
   c - Spider Form                    Transmutation/Poison         3
   d - Ice Form                       Ice/Transmutation            4
   e - Blade Hands                    Transmutation                5
 s - a book of Debilitation

   Spells                             Type                      Level
   a - Corona                         Hexes                        1
   b - Slow                           Hexes                        2
   c - Gell's Gravitas                Hexes/Translocation          3
   d - Inner Flame                    Hexes/Fire                   3
   e - Cause Fear                     Hexes                        4
   f - Leda's Liquefaction            Hexes/Earth                  4
Comestibles
 d - 10 bread rations
 i - 2 meat rations
 l - a beef jerky
 u - 6 royal jellies
 A - 3 fruits


   Skills:
 + Level 8.8 Fighting
 + Level 10.8 Dodging
 - Level 11.0 Unarmed Combat
 - Level 2.0 Spellcasting
 * Level 10.0 Transmutations
 - Level 3.1 Poison Magic


You had one spell level left.
You knew the following spells:

 Your Spells              Type           Power        Failure   Level  Hunger
a - Beastly Appendage     Trmt           ####..       3%          1    #......
e - Ice Form              Ice/Trmt       ###.....     50%         4    #####..
q - Spider Form           Trmt/Pois      ###.......   14%         3    ###....
w - Blade Hands           Trmt           ####......   28%         5    ######.


Dungeon Overview and Level Annotations

Branches:
Dungeon (10/15)            Temple (1/1) D:7            Lair (0/8) D:9
    Orc: D:9-12

Altars:
Ashenzari
Cheibriados
Dithmenos
Elyvilon
Fedhas
Gozag
Kikubaaqudgha
Makhleb
Nemelex Xobeh
Okawaru
Pakellas
Qazlal
Ru
Sif Muna
Trog
Vehumet
Xom
Yredelemnul
Zin
The Shining One

Annotations:
D:10 Erica


Innate Abilities, Weirdness & Mutations

((You revert to your normal form in water.))
((You are very nimble and swift while swimming.))
((You have a pair of small antennae on your head.))
Scrolls take you a little longer to read.
Your mind is acute. (Int +2)
Your body often deteriorates upon taking damage.


Message History

The bolt of lightning misses you. x2
You see here an arrow.
The orc priest looks braver for a moment.
The centaur shoots an arrow.
The arrow completely misses you.
The centaur shoots an arrow.
The orc priest mumbles some strange prayers to Beogh against you.
Your transformation is almost over.
The centaur shoots an arrow.
The arrow hits you!
You see here an arrow.
Drink which item? (? for menu, Esc to quit)
You feel better.
You hear a zap.
A bolt of lightning appears from out of thin air!
The bolt of lightning hits you!
* * * LOW HITPOINT WARNING * * *
Your body deteriorates!
You feel dopey.
You hear some strange, mumbled words.
An orb of energy appears from out of thin air!
The orb of energy hits you!
You die...

.##........# ...........## ..
..>........## ........)...##..
.##..<.....(# #...........#...
..##........# ##.#...........#
...#.......## #...#?......#...
............. ................
.....>....... ................
#####################o%.......
................s..oOc........
#.##.............##o#.o.......
#.....##.....##.....#(...(....
#.##.............##.#.........
#..#..##..#..##..#..#.........
#..##..# .#. #..##..#.........
#...#..##...##..#...#.........
#...##..#. .#..##...#....#....
# #..## ##..#..#.#


You could see an ogre, a centaur, an orc priest and 3 orcs.

Vanquished Creatures
  A hydra (D:10)
  Sonja (D:10)
  An unseen horror (D:9)
  A two-headed ogre (D:8)
  A slime creature (D:8)
  Sigmund (D:2)
  3 hungry ghosts
  2 wyverns (D:9)
  A hippogriff (D:8)
  Menkaure (D:5)
  A black bear (D:7)
  2 phantoms (D:5)
  2 ice beasts (D:7)
  3 sky beasts
  2 ogres
  2 centaurs
  A crocodile (D:8)
  5 giant frogs
  A scorpion (D:5)
  A water moccasin skeleton (D:6)
  14 killer bees (D:9)
  8 wights
  3 spriggan skeletons (D:9)
  A troll skeleton (D:9)
  3 crimson imps
  11 jellies
  2 orc priests
  A quasit (D:9)
  4 centaur skeletons
  2 hounds
  Jessica (D:2)
  3 iguanas
  4 orc wizards
  5 worker ants
  14 adders
  2 shadow imps
  15 oozes
  An adder skeleton (D:5)
  4 worms
  A dart slug (D:1)
  A giant gecko (D:5)
  20 orcs
  5 giant cockroaches
  7 goblins
  13 hobgoblins
  7 jackals
  4 quokkas
  2 ball pythons
  6 bats
  3 giant newts
  3 kobolds
  A quokka skeleton (D:5)
  10 rats
214 creatures vanquished.

Vanquished Creatures (others)
  6 fungi (D:8)
6 creatures vanquished.

Grand Total: 220 creatures vanquished

Notes
Turn   | Place    | Note
--------------------------------------------------------------
     0 | D:1      | Kisielow the Merfolk Transmuter began the quest for the Orb.
     0 | D:1      | Reached XP level 1. HP: 15/15 MP: 3/3
   113 | D:1      | Reached XP level 2. HP: 21/21 MP: 3/5
   165 | D:1      | Reached skill level 4 in Unarmed Combat
   685 | D:1      | Reached XP level 3. HP: 24/26 MP: 6/6
   696 | D:1      | Learned a level 3 spell: Spider Form
   696 | D:1      | Upgraded the game from 0.18.1-47-g9310371 to 0.18.1-48-g4cf74bf
   974 | D:2      | Noticed Sigmund
  1355 | D:2      | Reached skill level 1 in Poison Magic
  1515 | D:3      | Reached XP level 4. HP: 32/32 MP: 3/7
  2138 | D:4      | Found an iron altar of Okawaru.
  2138 | D:4      | Found a radiant altar of Vehumet.
  2145 | D:4      | Reached XP level 5. HP: 22/37 MP: 3/8
  2156 | D:4      | Found a snail-covered altar of Cheibriados.
  2156 | D:4      | Found a sparkling altar of Nemelex Xobeh.
  2318 | D:4      | Noticed an ogre
  2328 | D:4      | Killed an ogre
  2328 | D:4      | Reached skill level 5 in Unarmed Combat
  2328 | D:4      | Reached XP level 6. HP: 30/44 MP: 6/9
  2864 | D:5      | Entered Level 5 of the Dungeon
  3195 | D:5      | Noticed a sky beast
  3203 | D:5      | Killed a sky beast
  3203 | D:5      | Reached skill level 6 in Unarmed Combat
  3203 | D:5      | Reached XP level 7. HP: 51/51 MP: 3/10
  3214 | D:5      | Gained mutation: You have a pair of small antennae on your head. [mutagenic meat]
  3215 | D:5      | Gained mutation: Your body sometimes deteriorates upon taking damage. [mutagenic meat]
  3216 | D:5      | Gained mutation: Your body often deteriorates upon taking damage. [mutagenic meat]
  3217 | D:5      | Gained mutation: Scrolls take you a little longer to read. [potion of mutation]
  3217 | D:5      | Gained mutation: Your mind is acute. (Int +2) [potion of mutation]
  3788 | D:5      | Noticed Menkaure
  3797 | D:5      | Killed Menkaure
  3797 | D:5      | Reached skill level 5 in Dodging
  3797 | D:5      | Reached skill level 7 in Unarmed Combat
  4031 | D:5      | Reached XP level 8. HP: 20/60 MP: 3/11
  5158 | D:7      | Reached skill level 8 in Unarmed Combat
  5234 | D:7      | Got a faintly humming helmet
  5391 | D:7      | Reached skill level 5 in Fighting
  5391 | D:7      | Reached skill level 9 in Unarmed Combat
  5502 | D:7      | Reached XP level 9. HP: 48/68 MP: 12/12
  5688 | D:7      | Found a staircase to the Ecumenical Temple.
  5762 | Temple   | Entered the Ecumenical Temple
  5772 | Temple   | Became a worshipper of Makhleb the Destroyer
  6016 | D:2      | Killed Sigmund
  6145 | D:2      | Found a faded altar to an unknown god.
  6205 | D:2      | Noticed Jessica
  6212 | D:2      | Killed Jessica
  6288 | D:2      | Found a basalt altar of Yredelemnul.
  6490 | D:8      | Reached * piety under Makhleb
  6535 | D:8      | Found a stormy altar of Qazlal.
  6539 | D:8      | Found a shattered altar of Ashenzari.
  6539 | D:8      | Found a blossoming altar of Fedhas.
  6552 | D:8      | Found a sacrificial altar of Ru.
  6556 | D:8      | Found a bloodstained altar of Trog.
  6649 | D:8      | Found a deep blue altar of Sif Muna.
  6657 | D:8      | Noticed a two-headed ogre
  6661 | D:8      | Killed a two-headed ogre
  6661 | D:8      | Reached skill level 10 in Unarmed Combat
  7394 | D:8      | Reached ** piety under Makhleb
  7416 | D:8      | Reached skill level 11 in Unarmed Combat
  7416 | D:8      | Reached XP level 10. HP: 51/77 MP: 11/13
  7878 | D:9      | Reached skill level 5 in Transmutations
  8199 | D:9      | Found a staircase to the Lair.
  8383 | D:9      | Killed an unseen horror
  9234 | D:9      | Identified the +1 helmet of the Falcon {rElec Str+4 Dex+3} (You found it on level 7 of the Dungeon)
  9369 | D:9      | Reached *** piety under Makhleb
  9379 | D:9      | Learned a level 5 spell: Blade Hands
  9384 | D:9      | Learned a level 4 spell: Ice Form
  9479 | D:10     | Entered Level 10 of the Dungeon
  9495 | D:10     | Reached skill level 10 in Dodging
  9900 | D:10     | Noticed Sonja
  9913 | D:10     | Killed Sonja
  9913 | D:10     | Reached XP level 11. HP: 82/87 MP: 12/14
  9985 | D:10     | Noticed a four-headed hydra
 10057 | D:10     | Noticed Erica
 10071 | D:10     | Killed a four-headed hydra
 10071 | D:10     | Reached skill level 10 in Transmutations
 10079 | D:10     | Killed from afar by Erica

Skill      XL: |  1  2  3  4  5  6  7  8  9 10 11 |
---------------+----------------------------------+-----
Unarmed Combat | 4 5 6 7 9 11 | 11.0
Transmutations | 3 4 9 10 | 10.0
Poison Magic   | 1 3 |  3.1
Dodging        | 3 4 5 6 8 10 | 10.8
Fighting       | 2 3 5 6 8 |  8.8
Spellcasting   | |  2.0

Action                   |  1- 3 |  4- 6 |  7- 9 | 10-12 || total
-------------------------+-------+-------+-------+-------++-------
Melee: Unarmed           |   127 |    97 |   394 |   248 ||   866
       Punch             |     6 |       |     4 |       ||    10
       Headbutt          |     5 |       |       |       ||     5
       Tailslap          |       |       |     1 |       ||     1
 Cast: Beastly Appendage |     4 |       |       |       ||     4
       Spider Form       |     2 |     8 |    25 |    16 ||    51
  Use: Scroll            |     4 |     2 |    13 |     1 ||    20
       Potion            |       |       |     5 |     6 ||    11
 Stab: Sleeping          |       |     2 |     1 |       ||     3
  Eat: Chunk             |     2 |     7 |    20 |     5 ||    34
       Meat ration       |       |       |     1 |     1 ||     2
       Bread ration      |       |       |       |     1 ||     1
Armor: Robe              |    29 |    13 |    18 |     8 ||    68
       Skin              |     1 |     1 |    10 |     2 ||    14
Dodge: Dodged            |    95 |    59 |   286 |   299 ||   739
